Map: Magma Mines

Players

Tenonee - Winner!

  • Race: Zerg Zerg
  • League: Diamond

Fatal - Winner!

  • Race: Terran Terran
  • League: Diamond

KlepToManiaK

  • Race: Protoss Protoss
  • League: Diamond

UrineTrouble

  • Race: Terran Terran
  • League: Platinum

VOD

Have the link to the VOD?

Description

Time

  • Played on: July 29, 2016, 8:03 a.m.
  • Length: 9:44
Show
View Real Time Build Order
Export as new Build Order

Tenonee Zerg - Winner!

Build Orders: Pool First 

Get SALT Encoding   

  12  0:01  Drone  
  13  0:08  Drone  
  14  0:20  Overlord  
  14  0:27  Extractor  
  13  0:30  Extractor, Drone  
  13  0:31  Drone  
  16  0:41  Drone  
  17  0:47  Extractor  
  16  0:52  Spawning Pool  
  15  0:59  Drone  
  15  1:00  Drone  
  17  1:17  Drone  
  17  1:18  Drone  
  19  1:29  Hatchery  
  18  1:37  Drone  
  19  1:44  Queen  
  21  1:58  Roach Warren  
  20  2:03  Drone x2  
  22  2:10  Overlord  
  22  2:26  Extractor  
  21  2:34  Queen  
  23  2:49  Roach x4  
  31  3:09  Roach x2  
  31  3:11  Overlord  
  35  3:28  Overlord x2  
  35  3:32  Roach x4  
  43  3:45  Lair  
  43  3:48  Drone x3  
  46  3:49  Drone  
  47  4:04  Overlord x2  
  47  4:14  Drone  
  47  4:15  Drone x4  
  52  4:27  Overlord  
  52  4:40  Drone x3  
  52  4:42  Glial Reconstitution  
  55  4:49  Drone x2  
  57  5:06  Roach x2  
  57  5:08  Drone  
  57  5:13  Evolution Chamber  
  57  5:14  Evolution Chamber  
  57  5:20  Ravager x5  
  61  5:22  Roach x5  
  61  5:26  Roach  
  61  5:27  Roach x2  
  75  5:29  Overlord x3  
  75  5:37  Drone  
  75  5:41  Extractor  
  75  5:43  Extractor  
  75  5:46  Drone x2  
  75  5:48  Drone  
  75  5:49  Drone x2  
  79  6:06  Zerg Ground Armor Level 1, Zerg Missile Weapons Level 1  
  79  6:09  Drone x3  
  79  6:10  Drone x3  
  85  6:15  Drone  
  85  6:16  Drone x2  
  88  6:18  Hatchery  
  83  6:26  Hydralisk Den  
  80  6:40  Overlord  
  80  6:50  Queen  
  80  6:52  Overlord x2  
  82  7:00  Muscular Augments  
  82  7:05  Overlord x2  
  82  7:12  Extractor  
  82  7:13  Extractor  
  80  7:16  Drone  
  80  7:17  Drone x2  
  80  7:18  Drone x3  
  79  7:26  Hydralisk  
  79  7:27  Hydralisk x5  
  91  7:38  Hydralisk x4  
  91  7:39  Hydralisk x3  
  105  7:44  Overlord  
  105  7:45  Overlord x2  
  105  7:53  Drone x2  
  105  7:54  Drone  
  108  8:13  Zergling x2  
  108  8:15  Zergling x2  
  81  8:46  Roach  
  81  8:47  Roach x14  
  98  9:16  Hydralisk  
  98  9:17  Hydralisk x9  
Show
View Real Time Build Order
Export as new Build Order

Fatal Terran - Winner!

Build Orders: Liberator Opening 

Get SALT Encoding   

  12  0:01  SCV  
  14  0:14  SCV  
  14  0:18  Supply Depot  
  14  0:26  SCV  
  15  0:39  SCV  
  16  0:43  Barracks  
  16  0:46  Refinery  
  16  0:51  SCV  
  17  1:03  SCV  
  18  1:15  SCV  
  19  1:36  Orbital Command  
  19  1:37  Barracks Reactor  
  19  1:46  Refinery  
  19  2:01  Command Center  
  19  2:04  SCV  
  20  2:10  Supply Depot  
  20  2:13  Marine x2  
  22  2:21  Factory  
  22  2:26  SCV  
  23  2:34  Marine x2  
  25  2:40  SCV  
  25  2:51  Marine  
  25  2:53  Marine  
  25  2:56  SCV  
  28  2:59  Bunker  
  28  3:00  Bunker  
  28  3:08  Starport, SCV  
  27  3:15  Orbital Command  
  27  3:23  Marine  
  27  3:25  Bunker  
  28  3:27  Marine  
  28  3:29  Factory Tech Lab  
  29  3:34  Refinery  
  29  3:35  SCV  
  29  3:36  Liberator  
  30  3:45  SCV  
  34  3:57  Marine, SCV  
  34  3:58  Marine  
  34  4:01  SCV  
  38  4:06  Refinery  
  38  4:09  SCV  
  39  4:13  SCV  
  40  4:19  Marine x2  
  40  4:21  SCV  
  40  4:22  Barracks  
  43  4:28  Barracks  
  43  4:34  Supply Depot  
  43  4:37  Supply Depot  
  43  4:39  Starport Reactor  
  43  4:42  SCV  
  44  4:53  Marine x2  
  44  4:55  Siege Tank  
  46  5:05  SCV x2  
  48  5:11  Barracks Tech Lab  
  48  5:16  Liberator  
  48  5:17  SCV x2  
  48  5:18  Barracks Reactor, Marine  
  51  5:23  Refinery  
  51  5:27  Siege Tank  
  54  5:30  SCV  
  58  5:36  SCV  
  58  5:39  Supply Depot  
  58  5:41  Supply Depot  
  59  5:43  Marine x3  
  62  5:54  Supply Depot  
  62  6:01  Marine x4, SCV x2  
  62  6:02  Stimpack  
  68  6:07  Engineering Bay  
  68  6:11  Engineering Bay  
  68  6:13  SCV  
  68  6:16  Liberator  
  68  6:17  Supply Depot  
  68  6:18  SCV  
  70  6:22  Marine, Marauder  
  73  6:38  Marine x2  
  78  6:41  Liberator  
  78  6:43  Marauder  
  78  6:46  Terran Infantry Armor Level 1, Terran Infantry Weapons Level 1  
  80  6:49  SCV  
  80  6:50  SCV  
  85  7:04  Marauder  
  85  7:06  Starport  
  87  7:10  SCV x2  
  87  7:14  Command Center  
  89  7:19  Supply Depot  
  89  7:20  Supply Depot  
  89  7:23  Liberator  
  89  7:24  Liberator  
  89  7:26  Marine  
  89  7:27  Marine, Marauder  
  99  7:45  Supply Depot  
  99  7:46  Supply Depot  
  99  7:48  Marine  
  99  7:49  Marauder  
  102  8:03  Marine x2  
  102  8:04  Marine  
  105  8:06  Liberator, Marine  
  105  8:08  Starport Tech Lab  
  105  8:09  Fusion Core  
  105  8:10  Marauder  
  108  8:13  Siege Tank  
  114  8:27  Liberator x2  
  107  8:40  Marine  
  107  8:41  Marine x2, Marauder  
  102  8:45  Marine  
  102  8:58  Marine  
  92  9:04  Marine x3  
  92  9:05  Marauder  
  91  9:16  Marine  
  85  9:22  Marine x3  
Show
View Real Time Build Order
Export as new Build Order

KlepToManiaK Protoss 

Build Orders:  

Get SALT Encoding   

  12  0:01  Probe (Chrono Boost)  
  13  0:11  Probe (Chrono Boost)  
  14  0:19  Pylon  
  14  0:23  Probe (Chrono Boost)  
  15  0:37  Assimilator  
  15  0:41  Gateway  
  15  0:54  Probe (Chrono Boost)  
  16  1:03  Gateway  
  16  1:04  Probe (Chrono Boost)  
  16  1:05  Gateway  
  16  1:06  Pylon  
  16  1:09  Pylon  
  17  1:12  Assimilator  
  17  1:23  Assimilator  
  17  1:25  Probe (Chrono Boost)  
  18  1:31  Cybernetics Core  
  18  1:35  Probe (Chrono Boost)  
  19  1:47  Pylon  
  19  2:01  Warp Gate  
  19  2:11  Stalker x3  
  25  2:33  Robotics Facility  
  25  2:36  Probe (Chrono Boost)  
  26  2:48  Probe (Chrono Boost)  
  26  2:49  Adept x3  
  33  3:00  Probe (Chrono Boost)  
  35  3:13  Probe (Chrono Boost)  
  35  3:23  Immortal  
  40  3:49  Probe (Chrono Boost)  
  42  4:02  Probe (Chrono Boost)  
  41  4:10  Immortal  
  47  4:17  Mothership Core (Chrono Boost)  
  47  4:30  Pylon  
  47  4:34  Pylon  
  47  4:35  Pylon  
  47  4:38  Pylon  
  45  5:06  Immortal  
  45  5:09  Stalker x3  
  55  5:17  Twilight Council  
  55  5:20  Probe (Chrono Boost), Forge, Pylon  
  56  5:21  Pylon  
  56  5:32  Probe (Chrono Boost)  
  57  5:38  Protoss Ground Weapons Level 1  
  57  5:41  Stalker x3  
  63  5:44  Probe (Chrono Boost)  
  63  5:46  Immortal  
  68  5:54  Blink  
  68  5:57  Probe (Chrono Boost)  
  69  6:09  Probe (Chrono Boost)  
  70  6:21  Probe (Chrono Boost)  
  71  6:26  Observer  
  72  6:35  Stalker x3  
  78  6:47  Immortal  
  78  6:48  Nexus  
  78  6:53  Gateway  
  78  6:54  Gateway  
  82  6:57  Gateway  
  82  6:59  Gateway  
  82  7:01  Gateway  
  80  7:28  Adept x3  
  86  7:35  Immortal  
  90  7:52  Sentry  
  90  7:53  Sentry  
  90  7:55  Resonating Glaives  
  94  8:00  Probe  
  95  8:09  Stalker x5  
  95  8:10  Stalker  
  95  8:12  Probe  
  108  8:24  Probe  
  71  8:50  Adept x5  
  71  8:51  Adept x3  
  70  9:10  Pylon  
  70  9:12  Pylon  
  70  9:15  Pylon  
  46  9:27  Stalker x2  
  46  9:28  Stalker x3  
Show
View Real Time Build Order
Export as new Build Order

UrineTrouble Terran 

Build Orders:  

Get SALT Encoding   

  12  0:00  SCV  
  13  0:13  SCV  
  15  0:42  SCV  
  15  0:46  Supply Depot  
  15  0:51  Refinery  
  15  1:08  SCV  
  16  1:13  Barracks  
  16  1:20  SCV  
  17  1:37  SCV  
  18  1:49  SCV  
  19  2:05  Orbital Command  
  19  2:09  Barracks Tech Lab  
  19  2:24  Command Center  
  19  2:37  SCV  
  20  2:49  SCV  
  21  2:57  Supply Depot  
  21  2:59  Supply Depot  
  21  3:01  Stimpack  
  21  3:02  SCV  
  21  3:04  Engineering Bay  
  22  3:14  SCV  
  23  3:40  Missile Turret  
  23  3:41  Orbital Command  
  23  3:45  Missile Turret  
  23  3:48  SCV  
  24  4:00  SCV  
  27  4:03  Marauder  
  27  4:05  Missile Turret  
  27  4:07  Missile Turret  
  27  4:13  SCV x2  
  29  4:26  Missile Turret, Terran Infantry Weapons Level 1  
  29  4:28  SCV x2  
  29  4:29  Refinery  
  31  4:34  Refinery  
  31  4:43  Marauder  
  33  4:53  Missile Turret  
  30  5:04  Marauder, SCV x2  
  34  5:16  SCV x2  
  36  5:26  Marauder  
  38  5:28  SCV x2  
  38  5:35  Missile Turret  
  40  5:40  SCV  
  40  5:41  SCV  
  42  5:47  Marauder  
  44  5:53  SCV x2  
  46  6:05  SCV  
  46  6:09  Marauder  
  49  6:13  SCV  
  49  6:17  SCV  
  51  6:30  Marauder  
  53  6:49  Terran Infantry Armor Level 1  
  53  6:54  Factory  
  53  6:56  Refinery  
  53  6:58  Marauder  
  55  7:20  Marauder  
  53  7:41  Marauder  
  55  8:02  Marauder  
  57  8:24  Marauder  
  53  8:45  Marauder  
Tags
 
Add a new tag
Caveats
  • Supply blocks, unpowered buildings, or Contaminate may cause inaccurate times.
  • Supply counts are checked every 10 seconds.